cohdb
Replays
Latest Replays
All Replays
Popular Replays
Top Player Replays
Match Explorer
How It Works
Community
CoH3 Stats
Reddit
Sign in to upload your games and track your stats! →
Sign in with Steam
Match 39733919
Unlisted
Match 39733919
Overview
Messages
Build Orders
End
Kradschützen Motorcycle Team
Panzergrenadier Squad
Selects Italian Combined Arms Battlegroup
Selects Bersaglieri Squad
Bersaglieri Squad
Panzergrenadier Squad
Construct Light Support Kompanie
Fire Support Elements
le.IG 18 Mechanized Group
Pak 38 Anti-tank Gun Team
Flakvierling Half-track
Selects Semovente da 75/18 Assault Gun
Semovente da 75/18 Assault Gun
le.IG 18 Mechanized Group
2.5-tonne Medical Truck
Saueee
BaByuByu
0
0
Comments
sign in to comment!
No comments posted yet!